 Dungeon Crawl Stone Soup version 0.21-a0-110-g8e1637b (webtiles) character file.

1122 slavetoarmok the Ogre Mage (level 8, -9/70 HPs)
             Began as an Ogre Fire Elementalist on July 10, 2017.
             Was a Believer of Okawaru.
             Mangled by Pikel
             ... wielding a +1 whip of electrocution
              (13 damage)
             ... on level 6 of the Dungeon.
             The game lasted 00:15:24 (7353 turns).

slavetoarmok the Ogre Mage (Ogre Fire Elementalist) Turns: 7353, Time: 00:15:24

Health: -9/70      AC:  4    Str: 15    XL:     8   Next: 35%
Magic:  17/17      EV: 10    Int: 16    God:    Okawaru [**....]
Gold:   156        SH:  0    Dex:  9    Spells: 9/19 levels left

rFire    . . .     SeeInvis .   u - +0 morningstar
rCold    . . .     Gourm    .   (no shield)
rNeg     . . .     Faith    .   a - +0 robe
rPois    .         Spirit   .   w - +1 hat
rElec    .         Reflect  .   (no cloak)
rCorr    .         Harm     .   (gloves unavailable)
MR       .....                  (boots unavailable)
Stlth    +.........             (no amulet)
HPRegen  0.21/turn              (no ring)
MPRegen  0.15/turn              (no ring)

@: no status effects
A: unfitting armour, tough skin 1
a: Heroism, Renounce Religion


You were on level 6 of the Dungeon.
You worshipped Okawaru.
Okawaru was pleased with you.
You were not hungry.

You visited 1 branch of the dungeon, and saw 6 of its levels.

You collected 156 gold pieces.

Inventory:

Hand Weapons
 e - a +0 hunting sling
 u - a +0 morningstar (weapon)
Missiles
 k - 171 stones (quivered)
Armour
 a - a +0 robe (worn)
 w - a +1 hat (worn)
Jewellery
 z - an uncursed ring of protection from magic {unknown}
Wands
 q - a wand of random effects (34/48)
Scrolls
 d - 4 scrolls of remove curse {unknown}
 g - 2 scrolls of amnesia {unknown}
 h - 7 scrolls of identify {unknown}
 m - 3 scrolls of enchant armour {unknown}
 v - 3 scrolls of recharging {unknown}
 x - a scroll of teleportation {unknown}
 y - a scroll of magic mapping {unknown}
 A - a scroll of fog {unknown}
 B - a scroll of immolation {unknown}
Potions
 f - a potion of degeneration {unknown}
 i - 7 potions of heal wounds {unknown}
 l - a potion of might {unknown}
 n - 2 potions of flight {unknown}
 o - a potion of lignification {unknown}
 p - a potion of cancellation {unknown}
 r - a potion of agility {unknown}
 s - 3 potions of curing {unknown}
Books
 b - a book of Flames

   Spells                             Type                      Level
   a - Flame Tongue                   Conjuration/Fire             1
   b - Throw Flame                    Conjuration/Fire             2
   c - Conjure Flame                  Conjuration/Fire             3
   d - Inner Flame                    Hexes/Fire                   3
   e - Sticky Flame                   Conjuration/Fire             4
   f - Fireball                       Conjuration/Fire             5
Comestibles
 c - 8 bread rations
 j - 7 meat rations
 t - a royal jelly
 C - 11 chunks of flesh
 D - 4 fruits


   Skills:
 + Level 1.5 Fighting
 - Level 1.7 Dodging
 - Level 1.4 Stealth
 - Level 6.2 Spellcasting
 + Level 5.0 Conjurations
 + Level 5.8 Fire Magic


You had 9 spell levels left.
You knew the following spells:

 Your Spells              Type           Power        Failure   Level  Hunger
a - Flame Tongue          Conj/Fire      ###..        1%          1    None
b - Throw Flame           Conj/Fire      ###...       2%          2    #......
c - Conjure Flame         Conj/Fire      ###.....     4%          3    ##.....
d - Sticky Flame          Conj/Fire      ###.....     14%         4    ####...


Dungeon Overview and Level Annotations

Branches:
Dungeon (6/15)
 Temple: D:4-7

Altars:
Ashenzari
Okawaru
Ru
Xom

Annotations:
D:3 1 runed door
D:6 Pikel


Innate Abilities, Weirdness & Mutations

You are too large for most types of armour.
You have tough skin. (AC +1)


Message History

Aim: Pikel, wielding a whip of electrocution and wearing a robe (heavily wounded)
The flame tongue hits Pikel.
Pikel appears unharmed.
Pikel is heavily wounded.
Pikel hits you with a whip of electrocution!
* * * LOW HITPOINT WARNING * * *
You are electrocuted!
* * * LOW HITPOINT WARNING * * *
There is an open door here.
Pikel says, "You'll fetch a fair price!"
There is an open door here.
Pikel says, "You'll fetch a fair price!"
A slave comes into view.
The slave shouts!
There is a stone staircase leading up here.
The slave hits you.
* * * LOW HITPOINT WARNING * * *
Pikel hits you with a whip of electrocution.
* * * LOW HITPOINT WARNING * * *
You are electrocuted!
You die...

#.#+### #..#########
#..... #..# #....
#†.# #...###.#..#
#.......#..# ..
#....####..# ....
#.#........#
.....##..K>......#
........#@p.....s#
...................#
................#..#
###+#.###########..#
#. ..# ## ##


You could see Pikel, a slave and a giant cockroach (wandering).

Vanquished Creatures
  Eustachio (D:5)
  Blork the orc (D:5)
  2 scorpions (D:5)
  A crimson imp (D:5)
  A hound (D:4)
  5 orc wizards
  2 orc priests
  A bullfrog skeleton (D:4)
  An iguana (D:4)
  7 worker ants
  4 hound skeletons
  3 gnolls (D:3)
  8 adders
  A shadow imp (D:5)
  2 oozes (D:3)
  2 adder skeletons
  3 worms (D:3)
  2 dart slugs (D:1)
  3 leopard geckos
  12 orcs
  9 giant cockroaches
  16 goblins
  9 hobgoblins
  16 jackals
  16 kobolds
  3 quokkas
  A ball python (D:5)
  7 bats
  4 frilled lizards
  A jackal zombie (D:5)
  A quokka skeleton (D:3)
  7 rats
152 creatures vanquished.

Vanquished Creatures (others)
  An orc (D:5)
  A quokka (D:5)
2 creatures vanquished.

Grand Total: 154 creatures vanquished

Notes
Turn   | Place    | Note
-------+----------+-------------------------------------------
     0 | D:1      | slavetoarmok the Ogre Fire Elementalist began the quest for the Orb.
     0 | D:1      | Reached XP level 1. HP: 16/16 MP: 3/3
   118 | D:1      | Reached skill level 1 in Conjurations
   212 | D:1      | Reached XP level 2. HP: 24/24 MP: 3/5
   663 | D:1      | Reached skill level 3 in Spellcasting
   663 | D:1      | Reached XP level 3. HP: 20/31 MP: 1/7
  1595 | D:2      | Reached XP level 4. HP: 39/39 MP: 4/8
  2176 | D:2      | Found an iron altar of Okawaru.
  2223 | D:2      | Became a worshipper of Warmaster Okawaru
  2327 | D:2      | Reached XP level 5. HP: 40/45 MP: 8/10
  2587 | D:3      | Reached skill level 4 in Spellcasting
  3460 | D:3      | Reached XP level 6. HP: 49/53 MP: 4/12
  4093 | D:3      | Found a runed door.
  4709 | D:4      | Found a shattered altar of Ashenzari.
  4815 | D:4      | Reached * piety under Okawaru
  4815 | D:4      | Reached skill level 5 in Spellcasting
  4815 | D:4      | Reached XP level 7. HP: 19/59 MP: 5/14
  5906 | D:5      | Entered Level 5 of the Dungeon
  6139 | D:5      | Noticed Blork the orc
  6288 | D:5      | Found a sacrificial altar of Ru.
  6325 | D:5      | Killed Blork the orc
  6325 | D:5      | Reached skill level 5 in Fire Magic
  6642 | D:5      | Found a shimmering altar of Xom.
  6691 | D:5      | Reached ** piety under Okawaru
  6814 | D:5      | Noticed Eustachio
  6837 | D:5      | Killed Eustachio
  6837 | D:5      | Reached skill level 6 in Spellcasting
  6837 | D:5      | Reached XP level 8. HP: 41/67 MP: 4/17
  7119 | D:5      | Learned a level 2 spell: Throw Flame
  7123 | D:5      | Learned a level 3 spell: Conjure Flame
  7128 | D:5      | Learned a level 4 spell: Sticky Flame
  7201 | D:6      | Reached skill level 1 in Fighting
  7206 | D:6      | Reached skill level 5 in Conjurations
  7311 | D:6      | Noticed Pikel
  7353 | D:6      | Mangled by Pikel

Vault maps used:
D:1:      lightli_arrival_farm, minmay_misc_feat_pillars
D:2:      okawaru_altar_gauntlet_db
D:3:      first_bread, uniq_crazy_yiuf_cottage
D:4:      overflow_temple_1_default, minmay_fire_ice_demons
D:5:      xom_confusion_cloud, nicolae_ru_great_annihilating_truth,
          grunt_decor_fettered, minivault_11, minivault_27, uniq_eustachio,
          uniq_blork_the_orc
D:6:      temple_fountains, zaba_anthole, uniq_pikel

Skill      XL: |  1  2  3  4  5  6  7  8 |
---------------+-------------------------+-----
Conjurations   | 1 2 3 4 5 |  5.0
Fire Magic     | 3 4 5 |  5.8
Spellcasting   | 3 4 5 6 |  6.2
Fighting       | 1 |  1.5
Dodging        | |  1.7
Stealth        | |  1.4

Action                   |  1- 3 |  4- 6 |  7- 9 || total
-------------------------+-------+-------+-------++-------
Melee: Unarmed           |    17 |       |       ||    17
       Morningstar       |       |       |   167 ||   167
 Fire: Hunting sling     |    23 |   139 |    17 ||   179
 Cast: Flame Tongue      |    55 |   141 |   102 ||   298
Invok: Heroism           |       |       |     1 ||     1
  Eat: Chunk             |     2 |     9 |     7 ||    18
       Royal jelly       |       |       |     1 ||     1
Armor: Robe              |    19 |    18 |    81 ||   118
Dodge: Dodged            |    40 |    67 |   137 ||   244
